 Dungeon Sprint DCSS version 0.18.1-50-g88ac8fd (webtiles) character file.

1855 Kagutsuchi the Fighter (level 8, -3/85 HPs)
             Began as a Green Draconian Berserker on Oct 22, 2016.
             Was a High Priest of Trog.
             Slain by a tentacle (26 damage)
             ... attached to a kraken
             ... in the Dungeon (Sprint II: "The Violet Keep of Menkaure").
             The game lasted 00:06:31 (935 turns).

Kagutsuchi the Fighter (Green Draconian Berserker)   Turns: 935, Time: 00:06:31

Health: -3/85      AC:  6    Str: 19    XL:     8   Next: 89%
Magic:  8/8        EV: 18    Int:  7    God:    Trog [*****.]
Gold:   586        SH:  0    Dex: 14    Spells: 0 memorised, 7 levels left

rFire  . . .     SeeInvis .     a - +0 falchion
rCold  . . .     Gourm    .     (armour unavailable)
rNeg   . . .     Faith    .     (no shield)
rPois  +         Spirit   .     (helmet restricted)
rElec  .         Dismiss  .     (no cloak)
rCorr  .         Reflect  .     (no gloves)
SustAt .         Harm     .     (no boots)
MR     .....     NoTele   +     (no amulet)
Stlth  +.........               (no ring)
                                (no ring)

@: not resistant to hostile enchantments, very unstealthy
A: breathe noxious fumes, unfitting armour, poison resistance, cold-blooded, AC
+6
a: Breathe Noxious Fumes, Berserk, Trog's Hand, Brothers in Arms, Burn
Spellbooks, Renounce Religion


You were in the Dungeon.
You worshipped Trog.
Trog was extremely pleased with you.
You were not hungry.

You visited 1 branch You collected 972 gold pieces.
You spent 386 gold pieces at shops.

Inventory:

Hand Weapons
 a - a +0 falchion (weapon)
Scrolls
 h - a scroll of blinking
Potions
 e - a potion of haste
 f - 2 potions of magic
 g - a potion of berserk rage
Comestibles
 b - a beef jerky
 i - a meat ration
 j - a slice of pizza


   Skills:
 + Level 12.9 Fighting
 + Level 11.7 Long Blades
 + Level 10.8 Dodging


You had 7 spell levels left.
You didn't know any spells.

Dungeon Overview and Level Annotations

Branches:
Dungeon (1/1)

Altars:
Cheibriados
Dithmenos
Elyvilon
Fedhas
Gozag
Kikubaaqudgha
Makhleb
Nemelex Xobeh
Okawaru
Pakellas
Qazlal
Ru
Sif Muna
Trog
Vehumet
Xom
Yredelemnul
Zin
The Shining One
Beogh
Jiyva
Lugonu

Shops:
D ![::%[?!!}?[(=%=

Annotations:
D exclusion: oklob plant, Roxanne


Innate Abilities, Weirdness & Mutations

You can breathe blasts of noxious fumes.
Your lurid green scales are hard (AC +6).
Your body does not fit into most forms of armour.
Your system is resistant to poisons.
You are cold-blooded and may be slowed by cold attacks.


Message History

The tentacle slaps you.
You hit the tentacle.
The tentacle is lightly wounded.
The tentacle completely misses you. The tentacle closely misses you.
You slash the tentacle! You tail-slap the tentacle.
The tentacle is moderately wounded.
The tentacle slaps you!
You hit the tentacle. You tail-slap the tentacle.
The tentacle is moderately wounded.
The tentacle slaps you but does no damage.
You slash the tentacle!
The tentacle is heavily wounded.
The tentacle slaps you!!
* * * LOW HITPOINT WARNING * * *
You slash the tentacle!
The tentacle is severely wounded.
The tentacle closely misses you. The tentacle misses you.
Your unstable footing causes you to fumble your attack.
The tentacle slaps you!!
You die...

+.### §▓$%(?%))$▓▓ ...#
##▓)))![?[!▓▓ #..#
$#▓()![?[?$▓▓ .# +..#
.#▓?$()!"$!▓▓ .# #.^#
.#▓$?"!(!$=▓▓
.####..##.#▓)(%$(%?[▓▓
...###...##▓▓▓▓▓▓▓+▓▓▓▓+
.....≈≈)≈≈≈≈≈≈≈≈@w───Xw≈
.....≈#÷########+###.ww≈
≈≈≈..≈#_._._...#tt≈## ≈
≈§≈≈.≈#._._._..#t≈§§##
§≈§≈≈≈#_._._._.#§§§§≈#
§≈§≈≈≈#._._._._#≈§§≈≈§
≈≈§≈§≈#.._._._.#≈§§§§≈
≈###≈≈#..._._._#≈≈§§§§
§# #≈≈#...._._.#≈§≈§§≈


You could see a kraken and 4 tentacles.

Vanquished Creatures
  A siren (D)
  A yaktaur (D)
  3 polar bears (D)
  Menkaure (D)
  4 necrophages (D)
  A wasp (D)
  A hell rat (D)
  4 worker ants (D)
  3 worms (D)
19 creatures vanquished.

Vanquished Creatures (others)
  A crocodile (D)
  4 tentacles (D)
  217 tentacle segments (D)
222 creatures vanquished.

Grand Total: 241 creatures vanquished

Notes
Turn   | Place    | Note
--------------------------------------------------------------
     0 | D        | Kagutsuchi the Draconian Berserker began the quest for the Orb.
     0 | D        | Reached XP level 1. HP: 19/19 MP: 1/1
     1 | D        | Noticed a necrophage
     1 | D        | Noticed a necrophage
     1 | D        | Noticed a necrophage
     1 | D        | Noticed a necrophage
     8 | D        | Killed a necrophage
     8 | D        | Reached skill level 6 in Fighting
     8 | D        | Reached skill level 5 in Long Blades
     8 | D        | Reached skill level 5 in Dodging
     8 | D        | Reached XP level 2. HP: 29/30 MP: 2/2
     8 | D        | Reached XP level 3. HP: 35/37 MP: 3/3
     8 | D        | Reached XP level 4. HP: 42/44 MP: 4/4
    11 | D        | Killed a necrophage
    11 | D        | Reached skill level 7 in Fighting
    11 | D        | Reached XP level 5. HP: 43/52 MP: 5/5
    15 | D        | Killed a necrophage
    15 | D        | Reached skill level 8 in Fighting
    23 | D        | Killed a necrophage
    23 | D        | Reached skill level 9 in Fighting
    23 | D        | Reached XP level 6. HP: 49/62 MP: 6/6
    35 | D        | Found Feesh's Gadget Emporium.
    35 | D        | Found Yffycs Qudgh's Armour Emporium.
    35 | D        | Found Yladilam's Distillery.
    35 | D        | Found Roystri's Jewellery Emporium.
    35 | D        | Found Tiacsea's Distillery.
    35 | D        | Found Waethe's Jewellery Emporium.
    35 | D        | Found Icwazoin's Magic Scroll Shoppe.
    35 | D        | Found Itwugaoc's Antique Weapon Shoppe.
    35 | D        | Found Wuyps's Food Shoppe.
    36 | D        | Found Vumen's Magic Scroll Shoppe.
    36 | D        | Found Donnyacu's Antique Armour Emporium.
    37 | D        | Noticed a shining eye
    38 | D        | Found Agirut's Food Emporium.
    38 | D        | Found Nybos's Book Shoppe.
    38 | D        | Noticed Menkaure
    38 | D        | Noticed a shining eye
    38 | D        | Noticed a shining eye
    38 | D        | Noticed an oklob plant
    39 | D        | Found Qiotue's Antique Armour Shoppe.
    39 | D        | Found Funosox's Book Shoppe.
    39 | D        | Found Qaexzy's Distillery.
    40 | D        | Noticed a death yak
    52 | D        | Killed Menkaure
    52 | D        | Reached skill level 10 in Fighting
    63 | D        | Noticed an ice dragon
    64 | D        | Bought a potion of heal wounds for 50 gold pieces
    68 | D        | Bought 2 potions of heal wounds for 140 gold pieces
    68 | D        | Bought a potion of curing for 42 gold pieces
   224 | D        | Reached ** piety under Trog
   230 | D        | Your scales start taking on a lurid green colour.
   230 | D        | Reached XP level 7. HP: 73/73 MP: 7/7
   230 | D        | Gained mutation: Your system is resistant to poisons. [Green Draconian growth]
   279 | D        | Noticed a siren
   302 | D        | Killed a siren
   302 | D        | Reached *** piety under Trog
   302 | D        | Reached skill level 11 in Fighting
   302 | D        | Reached skill level 10 in Long Blades
   385 | D        | Reached **** piety under Trog
   452 | D        | Bought a potion of curing for 42 gold pieces
   487 | D        | Reached ***** piety under Trog
   526 | D        | Bought a beef jerky for 21 gold pieces
   526 | D        | Bought a meat ration for 70 gold pieces
   526 | D        | Bought a slice of pizza for 21 gold pieces
   579 | D        | Found a shimmering altar of Xom.
   579 | D        | Found a roughly hewn altar of Beogh.
   580 | D        | Found an iron altar of Okawaru.
   580 | D        | Found a glowing silver altar of Zin.
   582 | D        | Found a viscous altar of Jiyva.
   582 | D        | Found a stormy altar of Qazlal.
   582 | D        | Found an oddly glowing altar of Pakellas.
   583 | D        | Found an opulent altar of Gozag.
   583 | D        | Found a basalt altar of Yredelemnul.
   583 | D        | Found a snail-covered altar of Cheibriados.
   584 | D        | Found a blossoming altar of Fedhas.
   584 | D        | Found a burning altar of Makhleb.
   584 | D        | Found a radiant altar of Vehumet.
   584 | D        | Found a sparkling altar of Nemelex Xobeh.
   584 | D        | Noticed a polar bear
   588 | D        | Found an ancient bone altar of Kikubaaqudgha.
   588 | D        | Found a sacrificial altar of Ru.
   588 | D        | Found a deep blue altar of Sif Muna.
   589 | D        | Found a corrupted altar of Lugonu.
   589 | D        | Found a bloodstained altar of Trog.
   590 | D        | Found a white marble altar of Elyvilon.
   590 | D        | Found a shadowy altar of Dithmenos.
   592 | D        | Found a glowing golden altar of the Shining One.
   593 | D        | Noticed a yaktaur
   598 | D        | Noticed a polar bear
   598 | D        | Noticed a polar bear
   602 | D        | Received a gift from Trog
   604 | D        | Killed a polar bear
   604 | D        | Reached skill level 12 in Fighting
   604 | D        | Reached XP level 8. HP: 83/83 MP: 8/8
   612 | D        | Killed a polar bear
   612 | D        | Reached skill level 10 in Dodging
   619 | D        | Killed a polar bear
   628 | D        | Killed a yaktaur
   674 | D        | Noticed a flying skull
   674 | D        | Noticed a flying skull
   785 | D        | Noticed a flying skull
   816 | D        | Noticed Roxanne
   837 | D        | Noticed a flying skull
   917 | D        | Noticed a kraken
   935 | D        | Slain by a tentacle

Skill      XL: |  1  2  3  4  5  6  7  8 |
---------------+-------------------------+-----
Fighting       | 6 7 9 10 12 | 12.9
Long Blades    | 5 6 8 9 10 11 | 11.7
Dodging        | 5 6 7 8 9 10 | 10.8

Action                   |  1- 3 |  4- 6 |  7- 9 || total
-------------------------+-------+-------+-------++-------
Melee: Falchion          |     6 |    29 |    72 ||   107
       Tailslap          |       |     7 |    21 ||    28
Invok: Berserk           |     1 |     1 |     1 ||     3
       Burn Spellbooks   |       |       |     1 ||     1
 Abil: Breathe Noxious F |       |       |     1 ||     1
  Use: Potion            |       |     2 |     5 ||     7
  Eat: Bread ration      |       |       |     1 ||     1
Armor: Skin              |       |     1 |    15 ||    16
Dodge: Dodged            |     1 |    10 |    56 ||    67
